 Dungeon Crawl Stone Soup version 0.26.1-2-gb8aa6d0cf2 (webtiles) character file.

Game seed: 524869329793237670

490 H0rd4k the Charlatan (level 7, -5/51 HPs)
             Began as a Human Artificer on Feb 25, 2021.
             Slain by a gnoll shaman
             ... wielding a +0 whip
              (7 damage)
             ... on level 3 of the Dungeon.
             The game lasted 00:08:27 (6551 turns).

H0rd4k the Charlatan (Human Artificer)              Turns: 6551, Time: 00:08:28

Health: -5/51      AC:  4    Str: 14    XL:     7   Next: 36%
Magic:  7/7        EV: 13    Int: 11    God:
Gold:   251        SH:  0    Dex: 14    Spells: 6/6 levels left

rFire    x . .     SeeInvis .   i - +1 dagger (drain)
rCold    + . .     Faith    .   (no shield)
rNeg     . . .     Spirit   .   b - +0 leather armour
rPois    .         Reflect  .   (no helmet)
rElec    .         Harm     .   (no cloak)
rCorr    .         Rampage  .   r - +0 pair of gloves
Will     .....                  (no boots)
Stlth    ++........             (no amulet)
HPRegen  0.17/turn              w - ring of ice
MPRegen  0.10/turn              (no ring)

@: no status effects
A: no striking features
a: no special abilities


You were on level 3 of the Dungeon.
You visited 1 branch of the dungeon, and saw 4 of its levels.

You collected 251 gold pieces.

Inventory:

Hand Weapons
 a - a +0 club
 h - a +0 short sword
 i - a +1 dagger of draining (weapon)
 t - a +0 dagger of speed
 A - a +0 rapier
 C - a +3 dagger
Missiles
 m - 11 poisoned darts
 B - 7 curare-tipped darts (quivered)
Armour
 b - a +0 leather armour (worn)
 r - a +0 pair of gloves (worn)
 F - the +2 leather armour of Fabulous Satisfaction {rN+ Dex+3, unknown}
   (You found it on level 4 of the Dungeon)

   It affects your dexterity (+3).
   It protects you from negative energy.
Jewellery
 w - a ring of ice (left hand)
 z - an uncursed ring of wizardry {unknown}
Wands
 c - a wand of flame (1)
 d - a wand of enslavement (8)
 e - a wand of random effects (23)
 E - a wand of digging (4)
Scrolls
 f - 3 scrolls of teleportation {unknown}
 k - a scroll of noise {unknown}
 l - 2 scrolls of magic mapping {unknown}
 n - 5 scrolls of identify {unknown}
 p - a scroll of fog {unknown}
 q - 4 scrolls of enchant weapon {unknown}
 s - 4 scrolls of remove curse {unknown}
 y - a scroll of enchant armour {unknown}
Potions
 g - a potion of degeneration {unknown}
 j - a potion of might {unknown}
 o - a potion of heal wounds {unknown}
 u - a potion of brilliance {unknown}
 v - a potion of attraction {unknown}
 x - a potion of ambrosia {unknown}
 D - a potion of magic {unknown}


   Skills:
 + Level 2.5 Fighting
 + Level 3.5 Short Blades
 + Level 3.3 Armour
 + Level 3.1 Dodging
 + Level 2.2 Stealth
 + Level 4.2 Evocations


You had 6 spell levels left.
You didn't know any spells.
Your spell library contained the following spells:

 Spells                   Type           Power        Failure   Level
 Animate Skeleton         Necr           0%           41%         1
 Apportation              Tloc           0%           41%         1
 Corona                   Hex            0%           41%         1
 Summon Small Mammal      Summ           0%           41%         1


Dungeon Overview and Level Annotations

Branches:
Dungeon (4/15)
 Temple: D:4-7

Altars:
Elyvilon
Qazlal
Yredelemnul
The Shining One


Message History

The gnoll shaman seems to speed up.
The gnoll shaman calls down the wrath of its god upon you.
You resist with some effort.
The gnoll shaman calls upon its god to speed up the gnoll.
The gnoll seems to speed up.
The gnoll shaman hits you with a +0 whip!
The gnoll shaman hits you with a +0 whip!
The gnoll shaman hits you but does no damage.
There is a stone staircase leading up here.
The gnoll shaman barely misses you.
The gnoll shaman hits you with a +0 whip.
The gnoll misses you.
You climb upwards.
There is a stone staircase leading down here.
The gnoll shaman hits you with a +0 whip.
* * * LOW HITPOINT WARNING * * *
The gnoll shaman hits you with a +0 whip!
* * * LOW HITPOINT WARNING * * *
The gnoll shaman hits you with a +0 whip!
You die...

#.......# #..#.#.#.#.#.#.#.#.
#.......# ##.#.#.#.#.#.#.#.#.#
##.......#####...#.#.#.#.#.#.#.#.
#...)...........#.#.#.#.#.#.#.#.#
#.........####...#.#.#.#.#.#.#.#.
#.........# #.##.#.#.#.#.#.#.#.#
..........# #.#.#.#.#.#.#.#.#.#.
#.#.##....####.##g#.#.#.#.#.#.#.#
#.#.##.)..'.....@>.#.#.#.#.#.#.#.
..#.##....#######g#.#.#.#.#.#.#.#
....##....# #....#.#.#.#.#.#.#.#.
....##....# #.....#.#.#.#.#.#.#.#
....##....# #....#.#.#.#.#.#.#.#.
....##....# #####.#.#.#.#.#.#)#.#
##..##....# #.#.#.#.#.#.#.#.#.
##..##....#######.#.#.#.#.#.#.#.#
##..##........##.#.#.#.#.#.#.#.#.


You could see 2 gnoll shamans.

Vanquished Creatures
  Menkaure (D:4)
  A scorpion (D:4)
  An orc priest (D:4)
  Ijyb (D:4)
  2 worker ants (D:4)
  Robin (D:4)
  3 adders
  5 gnolls (D:4)
  An adder skeleton (D:4)
  3 worms (D:2)
  A dart slug (D:1)
  A leopard gecko (D:3)
  An orc (D:4)
  5 giant cockroaches
  19 goblins
  10 hobgoblins
  14 jackals
  5 kobolds
  3 quokkas
  2 ball pythons (D:1)
  7 bats
  7 frilled lizards
  5 rats
99 creatures vanquished.

Vanquished Creatures (collateral kills)
  An orc wizard (D:4)
  An orc (D:4)
  A jackal (D:1)
  A kobold (D:1)
4 creatures vanquished.

Vanquished Creatures (others)
  An adder (D:4)
  An orc (D:4)
2 creatures vanquished.

Grand Total: 105 creatures vanquished

Notes
Turn   | Place    | Note
-------+----------+-------------------------------------------
     0 | D:1      | H0rd4k the Human Artificer began the quest for the Orb.
     0 | D:1      | Reached XP level 1. HP: 15/15 MP: 1/1
   293 | D:1      | Reached XP level 2. HP: 10/21 MP: 2/2
  1200 | D:1      | Reached XP level 3. HP: 15/26 MP: 3/3
  2045 | D:2      | Found a faded altar of an unknown god.
  2383 | D:2      | Reached XP level 4. HP: 17/32 MP: 4/4
  2700 | D:2      | Reached skill level 1 in Short Blades
  3570 | D:3      | Found a glowing golden altar of the Shining One.
  4071 | D:3      | Reached XP level 5. HP: 33/37 MP: 5/5
  4390 | D:3      | Found a stormy altar of Qazlal.
  4390 | D:3      | Found a white marble altar of Elyvilon.
  5125 | D:4      | Reached XP level 6. HP: 3/44 MP: 6/6
  5125 | D:4      | HP: 1/44 [poisoned by a scorpion]
  5410 | D:4      | Noticed Robin
  5747 | D:4      | Killed Robin
  5753 | D:4      | Reached skill level 4 in Evocations
  5915 | D:4      | Found a basalt altar of Yredelemnul.
  6027 | D:4      | Noticed Ijyb
  6080 | D:4      | Killed Ijyb
  6087 | D:4      | Got a brightly glowing leather armour
  6346 | D:4      | Noticed Menkaure
  6356 | D:4      | Killed Menkaure
  6357 | D:4      | Reached XP level 7. HP: 51/51 MP: 7/7
  6551 | D:3      | HP: 2/51 [gnoll shaman/+0 whip (10)]
  6551 | D:3      | Slain by a gnoll shaman

Illustrated notes

Levels and vault maps discovered:
D:1:      lemuel_arrival_cross, layout_loops_cross, minmay_misc_feat_cross
D:2:      kennysheep_the_goblin_king, layout_loops_ring,
          chequers_ecumenical_altar_island
D:3:      layout_basic, nicolae_overflow_crystal_walls,
          gammafunk_temple_overflow_elements
D:4:      lemuel_castle_with_subvaults [lemuel_castle_interior_carwin_2],
          layout_layer_cave, yredelemnul_altar_generic, uniq_robin, uniq_ijyb,
          uniq_menkaure

Skill      XL: |  1  2  3  4  5  6 |
---------------+-------------------+-----
Dodging        | 2 3 |  3.1
Short Blades   | 1 2 3 |  3.5
Stealth        | 2 |  2.2
Fighting       | 2 |  2.5
Evocations     | 4 |  4.2
Armour         | 3 |  3.3

Action                   |  1- 3 |  4- 6 |  7- 9 || total
-------------------------+-------+-------+-------++-------
Melee: Club              |    61 |       |       ||    61
       Short sword       |   132 |    10 |       ||   142
       Dagger            |       |   254 |    32 ||   286
       Rapier            |       |     4 |       ||     4
Evoke: Wand              |     4 |    19 |       ||    23
  Use: Potion            |       |     2 |       ||     2
 Stab: Sleeping          |     4 |     1 |       ||     5
Armor: Leather armour    |    57 |    66 |     8 ||   131
Dodge: Dodged            |   129 |   163 |    27 ||   319
